 Dungeon Crawl Stone Soup version 0.28.0-43-g3370ac3207 (console) character file.

Game seed: 2873967073423503605

332 Zeor the Poker (level 6, -5/36 HPs)
             Began as a Gargoyle Gladiator on Mar 28, 2022.
             Was an Initiate of Yredelemnul.
             Killed by divine providence
             ... invoked by an orc priest
              (10 damage)
             ... on level 5 of the Dungeon.
             The game lasted 00:10:48 (3324 turns).

Zeor the Poker (Gargoyle Gladiator)                 Turns: 3324, Time: 00:10:49

Health: -5/36      AC: 17    Str: 19    XL:     6   Next: 52%
Magic:  6/6        EV:  8    Int:  9    God:    Yredelemnul [......]
Gold:   95         SH:  0    Dex: 11    Spells: 5/5 levels left

rFire   . . .      SeeInvis .   a - +0 trident
rCold   . . .      Faith    .   (no shield)
rNeg    + . .      Spirit   .   g - +1 chain mail
rPois   ∞          Reflect  .   c - +0 helmet
rElec   +          Harm     .   k - +0 cloak
rCorr   .          Rampage  .   e - +0 pair of gloves
Will    .....                   (no boots)
Stlth   ..........              (no amulet)
HPRegen 0.12/turn               (no ring)
MPRegen 0.10/turn               (no ring)

@: no status effects
A: sickness immunity, AC +4, negative energy resistance 1, electricity
resistance, torment resistance 1, petrification resistance
a: Renounce Religion, Recall Undead Harvest


You were on level 5 of the Dungeon.
You worshipped Yredelemnul.
Yredelemnul was noncommittal.
You visited 2 branches of the dungeon, and saw 6 of its levels.

You collected 167 gold pieces.
You spent 72 gold pieces at shops.

Inventory:

Hand Weapons
 a - a +0 trident (weapon)
Missiles
 b - 3 silver javelins
 d - 3 throwing nets (quivered)
 f - 79 arrows
 i - 26 bolts
 j - 6 poisoned darts
 m - 5 atropa-tipped darts
Armour
 c - a +0 helmet (worn)
 e - a +0 pair of gloves (worn)
 g - a +1 chain mail (worn)
 k - a +0 cloak (worn)
Wands
 p - a wand of flame (18)
Potions
 l - 2 potions of ambrosia
 o - a potion of flight


   Skills:
 + Level 2.9 Fighting
 + Level 4.7 Polearms
 * Level 2.9 Throwing
 + Level 2.5 Armour
 + Level 2.9 Dodging
 + Level 0.1 Stealth
 * Level 0.8 Invocations


You had 5 spell levels left.
You didn't know any spells.
Your spell library contained the following spells:

 Spells                   Type           Power      Damage    Failure   Level
 Inner Flame              Hex/Fire       0%         N/A       100%        3
 Cause Fear               Hex            0%         N/A       100%        4
 Discord                  Hex            0%         N/A       100%        8


Dungeon Overview and Level Annotations

Branches:
Dungeon (5/15)             Temple (1/1) D:4

Altars:
Cheibriados
Dithmenos
Fedhas
Hepliaklqana
Kikubaaqudgha
Makhleb
Nemelex Xobeh
Okawaru
Qazlal
Ru
Sif Muna
Trog
Uskayaw
Vehumet
Wu Jian
Xom
Yredelemnul
Zin
The Shining One

Shops:
D:2 [**


Innate Abilities, Weirdness & Mutations

You are immune to sickness and miasma.
Your stone body is resilient. (AC +4)
You are immune to poison.
You resist negative energy. (rN+)
You are resistant to electric shocks. (rElec)
You are resistant to unholy torment.
You are immune to petrification.


Message History

You feel better.
Your orc wizard zombie closely misses something.
A magic dart appears from out of thin air!
The magic dart hits your orc wizard zombie!
Your orc wizard zombie is destroyed!
The scorpion barely misses you.
You hear a shout!
You hit the scorpion but do no damage.
The scorpion is moderately wounded.
Something hits you but does no damage. The scorpion barely misses you.
You barely miss the scorpion.
The scorpion is lightly wounded.
The scorpion stings you. Something hits you. What are your orders? t - Shout!
Orders for allies: a - Attack new target. r - Retreat! s - Stop attacking. g - Guard the area. f - Follow me.
Anything else - Cancel.
Gang up on whom?
Press: ? - help, Dir - move target, f - orc priest
Aim: an orc priest, wielding a +3 whip and wearing a +0 leather armour Attack!
The scorpion stings you but does no damage.
Something hits you.
You puncture the scorpion!
You punch the scorpion, but do no damage.
The scorpion is severely wounded.
The scorpion stings you. Something hits you but does no damage.
The scorpion stings you!
* * * LOW HITPOINT WARNING * * *
Things that are here:
a +0 flail; a +0 hand axe You closely miss something.
Something hits you but does no damage.
The orc priest calls down the wrath of Beogh upon you.
You barely miss something. Something hits you but does no damage.
The orc priest mumbles some strange prayers to Beogh against you.
Beogh smites you!
You die...
Your body rises from the dead as a mindless zombie. ∙▒▒▒▒▒▒∙∙ ∙∙∙∙∙∙∙∙∙▒∙▒■▒ ∙ ∙∙!∙∙∙∙∙∙ ∙∙▒ ∙ ∙∙ ∙∙∙∙∙∙∙∙▒▒∙∙▒ ∙∙ ∙∙ ∙∙∙∙∙∙∙∙∙∙∙▒∙▒▒ ∙∙ ∙∙∙∙∙∙∙∙$∙∙∙∙

▒∙ ▒∙▒∙∙∙∙∙∙∙∙∙∙
▒∙∙▒▒▒∙▒∙<[∙∙∙∙∙∙∙
▒∙∙s∙9∙∙∙∙∙∙∙∙∙∙∙∙
▒▒∙)▒▒∙▒∙∙▒▒▒∙▒∙∙∙


∙∙∙o$∙∙∙$∙∙∙∙∙ ∙∙ ∙ ∙(▒▒▒∙∙▒▒∙▒∙▒▒▒▒∙∙∙∙∙ ▒∙∙ ▒∙▒∙▒ ∙∙ ∙∙∙∙ ∙∙∙∙▒ ∙ ▒▒∙∙▒▒∙▒∙▒
▒∙∙ ▒∙▒∙▒ You could see a scorpion and an orc priest.

Vanquished Creatures
  A phantom (D:4)
  A water moccasin skeleton (D:4)
  A bullfrog skeleton (D:4)
  An iguana (D:4)
  An orc wizard (D:5)
  4 adders
  A shadow imp (D:4)
  2 dart slugs (D:1)
  A worm (D:3)
  6 orcs
  7 ball pythons
  3 bats
  5 endoplasms
  6 giant cockroaches
  6 goblins
  5 hobgoblins
  11 jackals
  4 kobolds
  3 quokkas
  4 frilled lizards
  A jackal skeleton (D:4)
  2 rats
76 creatures vanquished.

Vanquished Creatures (others)
  An adder zombie (D:5)
  An orc zombie (D:5)
  2 orcs (D:5)
4 creatures vanquished.

Grand Total: 80 creatures vanquished

Notes
Turn   | Place    | Note
-------+----------+-------------------------------------------
     0 | D:1      | Zeor the Gargoyle Gladiator began the quest for the Orb.
     0 | D:1      | Reached XP level 1. HP: 12/12 MP: 1/1
   199 | D:1      | Reached XP level 2. HP: 17/17 MP: 2/2
   333 | D:1      | Reached skill level 3 in Polearms
   490 | D:1      | Reached XP level 3. HP: 21/21 MP: 3/3
   501 | D:1      | Found a faded altar of an unknown god.
   854 | D:2      | Found Jidghyek's General Store.
   904 | D:2      | Bought 3 silver javelins for 72 gold pieces
  1154 | D:2      | Found Gityat's Assorted Antiques.
  1199 | D:2      | Found Honu's Armour Shop.
  1222 | D:2      | Reached XP level 4. HP: 25/27 MP: 4/4
  1417 | D:2      | Reached skill level 1 in Armour
  1860 | D:3      | Found a sacrificial altar of Ru.
  1908 | D:3      | Found a sparkling altar of Nemelex Xobeh.
  2263 | D:4      | Noticed a phantom
  2287 | D:4      | Killed a phantom
  2288 | D:4      | Reached skill level 4 in Polearms
  2288 | D:4      | Reached XP level 5. HP: 7/31 MP: 5/5
  2584 | D:4      | Found a staircase to the Ecumenical Temple.
  2596 | D:4      | Reached XP level 6. HP: 27/36 MP: 6/6
  2716 | Temple   | Entered the Ecumenical Temple
  2872 | D:4      | Found a basalt altar of Yredelemnul.
  2885 | D:4      | Became a worshipper of Yredelemnul the Dark
  3159 | D:4      | Found a radiant altar of Vehumet.
  3162 | D:4      | Found a shimmering altar of Xom.
  3164 | D:4      | Found an ancient bone altar of Kikubaaqudgha.
  3282 | D:5      | Entered Level 5 of the Dungeon
  3324 | D:5      | Killed from afar by an orc priest

Illustrated notes

Levels and vault maps discovered:
D:1:      giann_forest_graveyard, layout_loops_ring,
          shapermc_ecumenical_altar_mp_ritualfount
D:2:      layout_rooms, serial_shops, nicolae_shop_competitors_out_of_business,
          shop_fountains, shop, minmay_between
D:3:      layout_basic, lemuel_doored_altar, mainiacjoe_overflow_small_starburst
D:4:      layout_cave_pools, yredelemnul_altar_generic,
          grunt_temple_overflow_diamond, minmay_temple_entry_statues_pillars
D:5:      layout_basic, portal_sewer_entry_e, kennysheep_potato, uniq_sigmund,
          uniq_pikel, uniq_eustachio, uniq_menkaure
Temple:   cyrus_circular_temple

Skill      XL: |  1  2  3  4  5 |
---------------+----------------+-----
Throwing       | 2 |  2.9
Polearms       | 3 4 |  4.7
Armour         | 1 2 |  2.5
Fighting       | |  2.9
Dodging        | |  2.9
Stealth        | |  0.1
Invocations    | |  0.8

Action                   |  1- 3 |  4- 6 || total
-------------------------+-------+-------++-------
Melee: Trident           |   111 |   194 ||   305
       Punch             |     2 |     2 ||     4
  Use: Scroll            |     5 |     6 ||    11
       Potion            |       |     3 ||     3
Armor: Leather armour    |    11 |       ||    11
       Chain mail        |    37 |   119 ||   156
Dodge: Dodged            |    41 |   102 ||   143
